 Dungeon Crawl Stone Soup version 0.31-a0-233-g139696dc86 (webtiles) character file.

Game seed: 412656002691705249

9259 jlumianski the Nimble (level 11, -2/80 HPs)
             Began as a Djinni Fire Elementalist on June 29, 2023.
             Was a Priest of Makhleb.
             Slain by a wraith (4 damage)
             ... on level 11 of the Dungeon on July 10, 2023.
             The game lasted 01:17:37 (11425 turns).

jlumianski the Nimble (Djinni Fire Elementalist)   Turns: 11425, Time: 01:17:38

Health: -2/80      AC:  7    Str:  5    XL:     11   Next: 71%
Gold:   535        EV: 15    Int: 20    God:    Makhleb [***...] SH:  5 Dex: 15

rFire   + + +        H - +2 dagger (elec)
rCold   . . .        (no shield)
rNeg    + + .        W - +0 troll leather armour
rPois   ∞            (helmet restricted)
rElec   .            G - scarf {rC+ rF+}
rCorr   .            k - +2 pair of gloves
SInv    .            (boots unavailable)
Will    +....        e - amulet of reflection
Stlth   +++          p - ring of positive energy
HPRegen 1.13/turn    P - ring of positive energy
MPRegen 0.00/turn

%: reflection, infuse magic (-3 HP)
@: flying, very slightly contaminated, slowed, very slow
A: sickness immunity, fire resistance 2, cold vulnerability 1, float, innate
caster, HP casting, extra vitality 1, antennae 1, weak 1, wild magic 1
a: Renounce Religion, Minor Destruction, Lesser Servant of Makhleb


You were on level 11 of the Dungeon.
You worshipped Makhleb.
Makhleb was most pleased with you.
You visited 2 branches of the dungeon, and saw 14 of its levels.

You collected 535 gold pieces.

Inventory:

Hand Weapons
 v - a +1 sling of flaming
 D - a +0 rapier
 E - a +2 dagger of protection
 H - a +2 dagger of electrocution (weapon)
 I - a +2 mace of holy wrath
 O - a +0 rapier
 U - a +2 dagger of freezing
 Y - a +2 dagger of speed
Missiles
 m - 23 poisoned darts
 Z - 6 javelins (quivered)
Armour
 a - +0 acid dragon scales
 k - a +2 pair of gloves (worn)
 y - a +0 cloak
 G - a scarf of resistance (worn)
 T - +0 acid dragon scales
 W - a +0 troll leather armour (worn)
Jewellery
 e - an amulet of reflection (around neck)
 j - a ring of fire
 p - a ring of positive energy (left hand)
 s - an amulet of faith
 P - a ring of positive energy (right hand)
Wands
 n - a wand of polymorph (20)
 q - a wand of flame (39)
 C - a wand of roots (16)
 K - a wand of digging (5)
Scrolls
 i - a scroll of revelation
 w - a scroll of enchant weapon
 x - a scroll of fog
 B - a scroll of immolation
 F - a scroll of blinking {unknown}
 J - a scroll of fear
 M - a scroll of teleportation {unknown}
 N - a scroll of torment {unknown}
 Q - 2 scrolls of enchant armour
 R - a scroll of butterflies
 S - a scroll of noise {unknown}
Potions
 d - 5 potions of might
 f - 2 potions of ambrosia
 h - 2 potions of attraction
 o - 3 potions of haste
 r - 6 potions of heal wounds
 u - a potion of mutation
 z - a potion of invisibility
 X - a potion of berserk rage {unknown}


   Skills:
 * Level 7.7 Fighting
 + Level 2.3 Short Blades
 + Level 1.2 Ranged Weapons
 + Level 2.2 Armour
 * Level 8.6 Dodging
 * Level 7.3 Stealth
 - Level 0.3 Shields
 * Level 6.2 Spellcasting
 * Level 6.2 Conjurations
 * Level 6.2 Hexes
 * Level 6.2 Summonings
 * Level 6.2 Necromancy
 * Level 6.2 Translocations
 * Level 6.2 Transmutations
 * Level 6.2 Fire Magic
 * Level 6.2 Ice Magic
 * Level 6.2 Air Magic
 * Level 6.2 Earth Magic
 * Level 6.2 Poison Magic
 * Level 7.4 Invocations


You knew the following spells:

 Your Spells              Type           Power      Damage    Failure   Level
a - Foxfire               Conj/Fire      100%       2x1d9     2%          1
b - Scorch                Fire           80%        2d8       3%          2
c - Volatile Blastmotes   Fire/Tloc      80%        2d16      6%          3
d - Inner Flame           Hex/Fire       40%        N/A       6%          3
e - Flame Wave            Conj/Fire      40%        2d11      19%         4
f - Apportation           Tloc           80%        N/A       2%          1
g - Wereblood             Tmut           40%        N/A       3%          2
h - Static Discharge      Conj/Air       80%        2-6/arc   3%          2
i - Dispel Undead         Necr           40%        3d16      19%         4
j - Freezing Cloud        Conj/Ice/Air   20%        6-21      43%         5
Your spell library was empty.

Dungeon Overview and Level Annotations

Branches:
Dungeon (13/15)            Temple (1/1) D:4             Orc (0/2) D:10
   Lair: D:8-11      Vaults: D:13-14

Altars:
Ashenzari
Cheibriados
Dithmenos
Elyvilon
Fedhas
Gozag
Hepliaklqana
Makhleb
Nemelex Xobeh
Okawaru
Qazlal
Ru
Trog
Uskayaw
Wu Jian
Xom
Yredelemnul
Zin
The Shining One

Shops:
D:1 [:   D:9 (   D:11 (

Annotations:
D:7 1 runed translucent door, osoart's ghost, journeyman OpTm


Innate Abilities, Weirdness & Mutations

You are immune to sickness and miasma.
You are immune to poison.
Your flesh is very heat resistant. (rF++)
You are vulnerable to cold. (rC-)
You float through the air rather than walking.
You learn spells naturally, not from books.
Your magical power is your life essence.
You have superior vitality. (+4 MHP)
You have a pair of small antennae on your head.
You are weak. (Str -2)
Your spells are a little harder to cast, but a little more powerful.


Message History

The vampire mosquito bites you but does no damage.
The vampire mosquito bites you. The wraith barely misses you.
The vampire mosquito closely misses you.
The vampire mosquito bites you.
Casting: Flame Wave (dangerous; 19% risk of failure)
Confirm with . or Enter, or press ? or * to list all spells.
You conjure some foxfire!
The vampire mosquito misses you. The vampire mosquito barely misses you.
You block the wraith's attack.
You block the vampire mosquito's attack.
The vampire mosquito misses you.
You barely miss the vampire mosquito.
The vampire mosquito is almost destroyed.
The foxfire hits the vampire mosquito.
The vampire mosquito is almost destroyed.
The foxfire hits the wraith but does no damage.
The wraith is almost destroyed.
The vampire mosquito barely misses you. The vampire mosquito bites you!
The wraith hits you!
* * * LOW HITPOINT WARNING * * *
The wraith drains your vigour!
You feel yourself slow down.
You block the vampire mosquito's attack.
Casting: Foxfire (safe; 2% risk of failure)
Confirm with . or Enter, or press ? or * to list all spells.
Aiming: Inner Flame (dangerous; 6% risk of failure)
Press: ? - help, Dir - move target, f - vampire mosquito
Aim: a vampire mosquito (almost destroyed, chance to affect: 89%)
Okay, then.
Casting: Inner Flame (dangerous; 6% risk of failure)
Confirm with . or Enter, or press ? or * to list all spells.
Casting: Flame Wave (dangerous; 19% risk of failure)
Press: ? - help, Dir - look around, f - activate You miscast Flame Wave.
You are very lightly contaminated with residual magic.
You feel a strange surge of energy!
* * * LOW HITPOINT WARNING * * *
x2 The vampire mosquito bites you.
* * * LOW HITPOINT WARNING * * *
The vampire mosquito bites you but does no damage.
The vampire mosquito barely misses you. The wraith hits you.
You die...

####+#
#..@.######..#
#.Wyy........#
......#..##......#
#######..##......#
#...........#
#...##.....#
#...##.....#
#..........+ ###
##.>##.....#


You could see a wraith and 2 vampire mosquitoes.

Vanquished Creatures
  A two-headed ogre (D:11)
  2 ugly things (D:11)
  Maggie (D:7)
  Psyche (D:9)
  2 trolls
  A hornet (D:9)
  A wraith (D:10)
  10 yaks
  2 wyverns
  Eustachio (D:5)
  4 vampire mosquitoes
  Menkaure (D:5)
  2 wargs
  2 acid dragons
  2 ice beasts (D:7)
  2 sky beasts
  6 orc warriors
  An ogre (D:6)
  A phantom (D:4)
  A gnoll sergeant (D:9)
  A kobold brigand (D:9)
  2 scorpions (D:5)
  2 bullfrogs
  3 wights (D:9)
  20 killer bees
  3 howler monkeys
  6 hounds
  6 jellies
  3 orc priests
  A sleepcap (D:8)
  An iguana (D:5)
  10 orc wizards
  6 gnolls
  10 adders
  An ufetubus (D:4)
  3 worms
  3 dart slugs
  34 orcs
  3 bats
  12 endoplasms
  3 giant cockroaches
  9 goblins
  5 hobgoblins
  2 jackals (D:1)
  5 quokkas
  3 ball pythons (D:1)
  7 frilled lizards
  20 kobolds
  6 rats
234 creatures vanquished.

Vanquished Creatures (others)
  A wizard (D:4)
  455 foxfires
456 creatures vanquished.

Grand Total: 690 creatures vanquished

Notes
Turn   | Place    | Note
-------+----------+-------------------------------------------
     0 | D:1      | jlumianski the Djinni Fire Elementalist began the quest for
                  | the Orb.
     0 | D:1      | jlumianski set off with the following spells memorised:
                  | Foxfire, Scorch, Volatile Blastmotes, Inner Flame, Flame
                  | Wave.
     0 | D:1      | Reached XP level 1. HP: 15/15 MP: 0/0
    64 | D:1      | Reached XP level 2. HP: 21/21 MP: 0/0
   156 | D:2      | Reached XP level 3. HP: 24/25 MP: 0/0
   156 | D:2      | Learned a level 1 spell: Apportation
   441 | D:2      | Reached skill level 3 in Dodging
   468 | D:2      | Found a sparkling altar of Nemelex Xobeh.
   664 | D:1      | Found Nuluosat's Book Emporium.
   751 | D:1      | Found Qughot's Armour Boutique.
  1061 | D:1      | Upgraded the game from 0.31-a0-210-gccc998df9b to
                  | 0.31-a0-217-g58bb5d79cf
  1187 | D:1      | Reached XP level 4. HP: 30/31 MP: 0/0
  1472 | D:4      | Reached skill level 1 in Fighting
  1822 | D:3      | Reached XP level 5. HP: 29/38 MP: 0/0
  1822 | D:3      | Learned a level 2 spell: Wereblood
  1870 | D:3      | Reached skill level 1 in Short Blades
  2240 | D:4      | Found a staircase to the Ecumenical Temple.
  2250 | Temple   | Entered the Ecumenical Temple
  2287 | Temple   | Became a worshipper of Makhleb the Destroyer
  2302 | D:4      | Reached XP level 6. HP: 39/43 MP: 0/0
  2314 | D:5      | Entered Level 5 of the Dungeon
  2628 | D:4      | Found a shadowy altar of Dithmenos.
  2714 | D:4      | Reached skill level 1 in Invocations
  3411 | D:4      | Found a bloodstained altar of Trog.
  3415 | D:4      | Noticed a wizard
  3421 | D:4      | Killed a wizard
  3485 | D:5      | Reached XP level 7. HP: 43/49 MP: 0/0
  3485 | D:5      | Learned a level 2 spell: Static Discharge
  3536 | D:5      | Reached * piety under Makhleb
  3681 | D:5      | Gained mutation: You are weak. (Str -2) [potion of
                  | mutation]
  3681 | D:5      | Gained mutation: You have a pair of small antennae on your
                  | head. [potion of mutation]
  3681 | D:5      | Gained mutation: Your spells are a little harder to cast,
                  | but a little more powerful. [potion of mutation]
  3776 | D:5      | Found a basalt altar of Yredelemnul.
  3844 | D:5      | Reached skill level 4 in Dodging
  3932 | D:5      | Reached skill level 1 in Ranged Weapons
  4191 | D:5      | Noticed Menkaure
  4274 | D:6      | Reached XP level 8. HP: 43/56 MP: 0/0
  4274 | D:6      | Noticed Eustachio
  4329 | D:5      | Killed Eustachio
  4404 | D:5      | Killed Menkaure
  4546 | D:6      | Reached skill level 5 in Dodging
  4885 | D:7      | Noticed Maggie
  5358 | D:7      | Killed Maggie
  5359 | D:7      | Reached XP level 9. HP: 32/63 MP: 0/0
  5359 | D:7      | Learned a level 4 spell: Dispel Undead
  5756 | D:7      | Found a runed translucent door.
  5756 | D:7      | Found a shimmering altar of Xom.
  5756 | D:7      | Noticed osoart's ghost (journeyman OpTm)
  5757 | D:7      | Noticed a +2 war axe of chaos
  5958 | D:7      | Found a blossoming altar of Fedhas.
  6055 | D:7      | Reached skill level 5 in Fighting
  6187 | D:7      | Upgraded the game from 0.31-a0-217-g58bb5d79cf to
                  | 0.31-a0-219-g8d62b2e7bb
  6187 | D:7      | Upgraded the game from 0.31-a0-219-g8d62b2e7bb to
                  | 0.31-a0-222-gefeffbb62a
  6509 | D:8      | Reached skill level 6 in Dodging
  6509 | D:8      | Reached skill level 5 in Stealth
  6521 | D:8      | Reached ** piety under Makhleb
  6550 | D:8      | Reached skill level 5 in Spellcasting
  6550 | D:8      | Reached skill level 5 in Conjurations
  6550 | D:8      | Reached skill level 5 in Hexes
  6550 | D:8      | Reached skill level 5 in Summonings
  6550 | D:8      | Reached skill level 5 in Necromancy
  6550 | D:8      | Reached skill level 5 in Translocations
  6550 | D:8      | Reached skill level 5 in Transmutations
  6550 | D:8      | Reached skill level 5 in Fire Magic
  6550 | D:8      | Reached skill level 5 in Ice Magic
  6550 | D:8      | Reached skill level 5 in Air Magic
  6550 | D:8      | Reached skill level 5 in Earth Magic
  6550 | D:8      | Reached skill level 5 in Poison Magic
  7089 | D:8      | Found an ornate altar of the Wu Jian Council.
  7482 | D:8      | Found a shimmering altar of Xom.
  7485 | D:8      | Reached skill level 5 in Invocations
  7575 | D:9      | Found Qoloass's Antique Weapon Shop.
  7595 | D:9      | Reached XP level 10. HP: 50/72 MP: 0/0
  7815 | D:9      | Noticed Psyche
  7828 | D:9      | Killed Psyche
  8159 | D:10     | Entered Level 10 of the Dungeon
  8442 | D:9      | Reached skill level 7 in Dodging
  9775 | D:9      | Reached *** piety under Makhleb
  9910 | D:10     | Reached skill level 1 in Armour
  9910 | D:10     | Reached XP level 11. HP: 34/78 MP: 0/0
  9910 | D:10     | Learned a level 5 spell: Freezing Cloud
  9910 | D:10     | Upgraded the game from 0.31-a0-222-gefeffbb62a to
                  | 0.31-a0-233-g139696dc86
 10149 | D:11     | Noticed a white ugly thing
 10517 | D:10     | Reached skill level 8 in Dodging
 10683 | D:10     | Found a hide-covered altar of Uskayaw.
 10683 | D:10     | Noticed a +0 dagger
 10683 | D:10     | Noticed a +0 spear
 10684 | D:10     | Noticed a +0 short sword
 10685 | D:10     | Noticed a +0 falchion
 10685 | D:10     | Noticed a +0 dagger
 10722 | D:10     | Found a staircase to the Orcish Mines.
 10857 | D:10     | Noticed a +0 falchion
 10858 | D:10     | Noticed a +0 short sword
 10858 | D:10     | Noticed a +0 spear
 10913 | D:11     | Killed a white ugly thing
 11092 | D:11     | Noticed a two-headed ogre
 11108 | D:11     | Killed a two-headed ogre
 11141 | D:11     | Found Ypsuv's Weapon Shoppe.
 11344 | D:12     | Noticed a deep elf pyromancer
 11356 | D:12     | Noticed a white ugly thing
 11367 | D:11     | Killed a white ugly thing
 11425 | D:11     | HP: 2/80 [vampire mosquito (6)]
 11425 | D:11     | Slain by a wraith

Illustrated notes

Levels and vault maps discovered:
D:1:      ldierk_walled_garden_2, layout_rooms, serial_shops,
          nicolae_shop_rolling_square, shop, chequers_serial_rivers_micro_d,
          minmay_misc_feat_tiny, hangedman_decor_points
D:2:      layout_basic, basic_altar
D:3:      cheibrodos_fertilizer, layout_basic
D:4:      layout_basic, general_overflow_altar, trog_wizard,
          minmay_temple_entry_junction, serial_glass, glass_columns_a,
          glass_columns_a
D:5:      layout_basic, lemuel_doored_altar, uniq_menkaure
D:6:      layout_loops_ring, kiku_gazebo_pond_becter, uniq_eustachio
D:7:      layout_cave_pools, mainiacjoe_overflow_tiny_flanked,
          ebering_ghost_xom, bh_walls_and_bars, uniq_maggie
D:8:      layout_loops_ring, marbit_many_paths, lemuel_round_altar,
          ebering_dispersal_statue_hall
D:9:      layout_basic, serial_shops, shop, reono_crystal_passage,
          moated_statue, grunt_ministairs_3, uniq_psyche
D:10:     layout_loops_ring, nicolae_uskayaw_en_pointe, erik_orc_3
D:11:     layout_gridville, dpeg_oklobed_lair, serial_shops,
          nicolae_shop_hallway_stairs, yredelemnul_altar_generic
D:12:     layout_roguey, serial_shops, nicolae_shop_overgrown_old_shop,
          minmay_misc_feat_iff, uniq_rupert
D:13:     layout_basic, enter_trove_3, fedhas_altar_2
Temple:   eino_temple_lava

Skill      XL: |  1  2  3  4  5  6  7  8  9 10 11 |
---------------+----------------------------------+-----
Spellcasting   | 4 5 6 |  6.2
Conjurations   | 4 5 6 |  6.2
Hexes          | 4 5 6 |  6.2
Summonings     | 4 5 6 |  6.2
Necromancy     | 4 5 6 |  6.2
Translocations | 4 5 6 |  6.2
Transmutations | 4 5 6 |  6.2
Fire Magic     | 4 5 6 |  6.2
Ice Magic      | 4 5 6 |  6.2
Air Magic      | 4 5 6 |  6.2
Earth Magic    | 4 5 6 |  6.2
Poison Magic   | 4 5 6 |  6.2
Stealth        | 2 3 4 5 6 7 |  7.3
Dodging        | 3 4 5 6 7 8 |  8.6
Fighting       | 1 2 3 4 5 6 7 |  7.7
Short Blades   | 1 2 |  2.3
Invocations    | 1 2 4 5 6 7 |  7.4
Ranged Weapons | 1 |  1.2
Armour         | 1 2 |  2.2
Shields        | |  0.3

Action                     |  1- 3 |  4- 6 |  7- 9 | 10-12 || total
---------------------------+-------+-------+-------+-------++-------
  Melee: Dagger            |    16 |    21 |    23 |    71 ||   131
         Rapier            |       |       |    20 |       ||    20
         Punch             |       |       |     1 |     1 ||     2
   Fire: Sling             |       |    13 |     4 |       ||    17
   Cast: Foxfire           |    42 |    75 |    86 |    58 ||   261
         Scorch            |     3 |     7 |    47 |    43 ||   100
         Apportation       |     2 |    10 |     3 |       ||    15
         Static Discharge  |       |       |    17 |     3 ||    20
         Volatile Blastmot |       |       |     7 |    38 ||    45
         Inner Flame       |       |       |     3 |     7 ||    10
         Flame Wave        |       |       |       |     3 ||     3
         Dispel Undead     |       |       |       |     2 ||     2
  Evoke: Wand              |       |       |     1 |       ||     1
    Use: Scroll            |       |     4 |     7 |     3 ||    14
         Potion            |       |     2 |     3 |     1 ||     6
   Stab: Sleeping          |       |     1 |     2 |     4 ||     7
 Armour: Robe              |     2 |    11 |    22 |    11 ||    46
         Troll leather arm |       |       |       |    27 ||    27
  Dodge: Dodged            |    13 |    29 |    76 |   144 ||   262
  Block: Other             |     9 |    16 |    21 |    52 ||    98
         Reflection        |     2 |     2 |     2 |       ||     6

Table legend: (Time is in decaauts)
 A = Elapsed time spent in this place.
 B = Non-inter-level travel time spent in this place.
 C = Inter-level travel time spent in this place.
 D = Time resting spent in this place.
 E = Time spent auto-exploring this place.
 F = Levels seen in this place.
 G = Mean time per level.
                   A        B        C        D        E       F      G
               +--------+--------+--------+--------+--------+-----+--------+
         Total |  11454 |  11113 |    341 |   1457 |   6304 |  14 |  818.1 |
       Dungeon |  11407 |  11066 |    341 |   1457 |   6304 |  13 |  877.5 |
        Temple |     46 |     46 |      0 |      0 |      0 |   1 |   46.0 |
               +--------+--------+--------+--------+--------+-----+--------+

Top non-repeatable levels by time:
     D:9: 2131 daAuts
    D:10: 1252 daAuts
     D:6: 1141 daAuts
     D:8: 1138 daAuts
     D:4: 1050 daAuts
     D:3: 1039 daAuts
     D:5: 894 daAuts
     D:7: 833 daAuts
     D:1: 725 daAuts
     D:2: 680 daAuts
    D:11: 486 daAuts
  Temple: 46 daAuts
    D:12: 32 daAuts
    D:13: 1 daAuts
